 Dungeon Crawl Stone Soup version 0.23-a0-295-g2e428d4 (webtiles) character file.

641 Amnesiac the Thaumaturge (level 7, -2/46 HPs)
             Began as a Mummy Wizard on Oct 4, 2018.
             Was a Follower of Ashenzari.
             Slain by a gnoll
             ... wielding a +0 flail
              (8 damage)
             ... on level 6 of the Dungeon.
             The game lasted 00:13:05 (4853 turns).

Amnesiac the Thaumaturge (Mummy Wizard)             Turns: 4853, Time: 00:13:06

Health: -2/46      AC:  3    Str: 11    XL:     7   Next: 26%
Magic:  12/19      EV: 12    Int: 21    God:    Ashenzari [*.....]
Gold:   191        SH:  0    Dex: 10    Spells: 13/24 levels left

rFire    x . .     SeeInvis .   a - +1 dagger (venom)
rCold    + . .     Gourm    .   (no shield)
rNeg     + + +     Faith    .   e - +1 robe
rPois    ∞         Spirit   .   (no helmet)
rElec    .         Reflect  .   (no cloak)
rCorr    .         Harm     .   (no gloves)
MR       .....                  (no boots)
Stlth    ++........             (no amulet)
HPRegen  0.15/turn              h - +2 ring of intelligence
MPRegen  0.16/turn              (no ring)

@: no status effects
A: no food or potions, fire vulnerability, cold resistance 1, negative energy
resistance 3, torment resistance, unbreathing
a: Curse Item, Scrying, Renounce Religion


You were on level 6 of the Dungeon.
You worshipped Ashenzari.
Ashenzari was aware of your devotion.
You were not hungry.

You visited 2 branches of the dungeon, and saw 7 of its levels.

You collected 191 gold pieces.

Inventory:

Hand Weapons
 a - a +1 dagger of venom (weapon)
 b - a +1 vampiric dagger
Missiles
 d - 19 poisoned needles
Armour
 e - a +1 robe (worn)
Jewellery
 h - a +2 ring of intelligence (left hand)
Wands
 k - a wand of random effects (28)
Scrolls
 c - 2 scrolls of remove curse {!r}
 f - 3 scrolls of enchant weapon {!r}
 g - 3 scrolls of identify {!r}
 i - 2 scrolls of noise {!r}
 j - 2 scrolls of teleportation {!r}
 l - a scroll of blinking {!r, unknown}


   Skills:
 * Level 3.2 Short Blades
 - Level 1.5 Dodging
 - Level 1.5 Stealth
 - Level 9.0 Spellcasting
 - Level 0.7 Conjurations
 - Level 0.7 Summonings
 - Level 0.7 Translocations


You had 13 spell levels left.
You knew the following spells:

 Your Spells              Type           Power        Failure   Level  Hunger
a - Magic Dart            Conj           ##..         5%          1    N/A
b - Call Imp              Summ           ##......     9%          2    N/A
e - Mephitic Cloud        Conj/Pois/Air  ##......     19%         3    N/A
s - Conjure Flame         Conj/Fire      ##......     19%         3    N/A
v - Blink                 Tloc           N/A          9%          2    N/A

Your spell library contained the following spells:

 Spells                   Type           Power        Failure   Level  Hunger
 Slow                     Hex            #.......     11%         2    N/A

Dungeon Overview and Level Annotations

Branches:
Dungeon (6/15)             Temple (1/1) D:4

Altars:
Ashenzari
Cheibriados
Elyvilon
Gozag
Makhleb
Nemelex Xobeh
Trog
Uskayaw
Wu Jian
Xom
The Shining One


Innate Abilities, Weirdness & Mutations

You do not eat or drink.
Your flesh is vulnerable to fire.
You are immune to poison.
Your flesh is cold resistant. (rC+)
You are immune to negative energy. (rN+++)
You are immune to unholy pain and torment.
You can survive without breathing.


Message History

The gnoll closely misses you.
You hit the gnoll.
The gnoll is poisoned.
The gnoll is almost dead.
You kill the gnoll!
Your magical contamination has completely faded away.
You hit the gnoll.
The gnoll is poisoned.
The gnoll is lightly wounded.
The gnoll closely misses you.
You closely miss the gnoll.
The gnoll is lightly wounded.
The gnoll closely misses you.
You hit the gnoll but do no damage.
The gnoll looks as sick as possible!
The gnoll is moderately wounded.
You hit the gnoll.
The gnoll looks as sick as possible!
The gnoll is moderately wounded.
The gnoll misses you.
You hit the gnoll.
The gnoll looks as sick as possible!
The gnoll is severely wounded.
The gnoll misses you.
You closely miss the gnoll.
The gnoll is severely wounded.
You kill the gnoll!
You barely miss the gnoll. The gnoll misses you.
You hit the gnoll.
The gnoll is poisoned.
The gnoll is lightly wounded.
The gnoll barely misses you.
You hit the gnoll.
The gnoll is moderately wounded.
The gnoll barely misses you.
You hit the gnoll.
The gnoll looks as sick as possible!
The gnoll is almost dead.
You kill the gnoll!
Things that are here:
an uncursed flail; an uncursed spear You start resting.
You sense a monster nearby.
You start resting.
A gnoll comes into view. It is wielding a flail.
A gnoll is nearby!
The gnoll hits you with a flail.
* * * LOW HITPOINT WARNING * * *
You hit the gnoll.
The gnoll is lightly wounded.
You closely miss the gnoll.
The gnoll is lightly wounded.
The gnoll hits you with a flail.
* * * LOW HITPOINT WARNING * * *
You are too injured to fight recklessly!
You are too injured to fight recklessly!
You are too injured to fight recklessly!
You are too injured to fight recklessly!
You are too injured to fight recklessly!
You are too injured to fight recklessly!
You are too injured to fight recklessly!
You are too injured to fight recklessly!
You are too injured to fight recklessly!
You are too injured to fight recklessly!
You hit the gnoll.
The gnoll is moderately wounded.
The gnoll closely misses you.
You hit the gnoll.
The gnoll is poisoned.
The gnoll is moderately wounded.
The gnoll hits you with a flail!
You die...

#.# ....
###.####### ....
........... .....
###.#######
#####.... #.#
#....g.## #.#
#......J #.# #....#
#.###############'#
#.........))..@g..#
###################
{


You could see a gnoll.

Vanquished Creatures
  A scorpion (D:4)
  A howler monkey (D:5)
  A jelly (D:5)
  2 bullfrog skeletons
  3 hounds (D:4)
  3 orc wizards (D:5)
  A gnoll shaman (D:6)
  A worker ant (D:3)
  4 gnolls (D:6)
  3 adders
  A shadow imp (D:5)
  An adder skeleton (D:4)
  A worm (D:3)
  3 dart slugs
  2 leopard geckos
  12 orcs
  4 giant cockroaches
  6 hobgoblins
  4 jackals (D:3)
  2 quokkas
  2 ball pythons
  9 bats
  6 frilled lizards
  A giant cockroach zombie (D:5)
  8 goblins
  8 kobolds
  A quokka skeleton (D:3)
  7 rats
98 creatures vanquished.

Vanquished Creatures (collateral kills)
  Menkaure (D:4)
1 creature vanquished.

Grand Total: 99 creatures vanquished

Notes
Turn   | Place    | Note
-------+----------+-------------------------------------------
     0 | D:1      | Amnesiac the Mummy Wizard began the quest for the Orb.
     0 | D:1      | Reached XP level 1. HP: 13/13 MP: 5/5
   236 | D:1      | Reached XP level 2. HP: 19/19 MP: 5/7
   402 | D:2      | Reached skill level 5 in Spellcasting
   406 | D:2      | Learned a level 2 spell: Blink
   409 | D:2      | Learned a level 2 spell: Call Imp
   653 | D:4      | Reached XP level 3. HP: 24/24 MP: 9/9
   658 | D:4      | Learned a level 3 spell: Conjure Flame
   662 | D:4      | Learned a level 3 spell: Mephitic Cloud
   731 | D:4      | Noticed Menkaure
   978 | D:4      | Killed Menkaure
   978 | D:4      | Reached skill level 6 in Spellcasting
   978 | D:4      | Reached XP level 4. HP: 26/30 MP: 1/12
  1082 | D:5      | Entered Level 5 of the Dungeon
  1181 | D:4      | Reached skill level 7 in Spellcasting
  1246 | D:4      | Reached XP level 5. HP: 28/35 MP: 8/14
  1409 | D:4      | Reached skill level 8 in Spellcasting
  1530 | D:4      | Found a staircase to the Ecumenical Temple.
  1629 | Temple   | Entered the Ecumenical Temple
  1729 | Temple   | Became a worshipper of Ashenzari the Shackled
  1824 | D:3      | Reached XP level 6. HP: 41/41 MP: 2/17
  1856 | D:3      | Found a glowing golden altar of the Shining One.
  2040 | D:1      | HP: 2/41 [rat (2)]
  2609 | D:2      | Reached * piety under Ashenzari
  3536 | D:5      | Found a sparkling altar of Nemelex Xobeh.
  3613 | D:5      | Reached skill level 1 in Short Blades
  3720 | D:5      | HP: 2/41 [something (1)]
  4034 | D:5      | Reached skill level 9 in Spellcasting
  4379 | D:5      | Reached XP level 7. HP: 20/46 MP: 15/19
  4853 | D:6      | Slain by a gnoll

Vault maps used:
D:1:      nagdon_arrival_zigzag_paths, minmay_misc_feat_rows, minmay_quantized
D:3:      tso_metal_star, corexii_item_surrounded_by_moat
D:4:      lemuel_round_altar, minmay_temple_entry_glassed_door, first_ration,
          uniq_menkaure
D:5:      nemelex_xobeh_ov_fountains_minmay
D:6:      serial_shops, nicolae_shop_statue_plus, uniq_blork_the_orc,
          uniq_eustachio
Temple:   compressed_dpeg_triangle_lava_temple

Skill      XL: |  1  2  3  4  5  6  7 |
---------------+----------------------+-----
Spellcasting   | 5 6 7 8 9 |  9.0
Short Blades   | 2 3 |  3.2
Dodging        | |  1.5
Stealth        | |  1.5
Conjurations   | |  0.7
Summonings     | |  0.7
Translocations | |  0.7

Action                   |  1- 3 |  4- 6 |  7- 9 || total
-------------------------+-------+-------+-------++-------
Melee: Mace              |     1 |       |       ||     1
       Unarmed           |     1 |       |       ||     1
       Dagger            |    34 |   233 |    36 ||   303
 Cast: Magic Dart        |    18 |     9 |     1 ||    28
       Call Imp          |    11 |     2 |       ||    13
       Mephitic Cloud    |       |     6 |     3 ||     9
       Conjure Flame     |       |     4 |     1 ||     5
       Blink             |       |       |     1 ||     1
  Use: Scroll            |     3 |     8 |       ||    11
 Stab: Sleeping          |     1 |     4 |       ||     5
       Confused          |       |     3 |     1 ||     4
Armor: Robe              |    11 |    40 |     3 ||    54
Dodge: Dodged            |    31 |   127 |    14 ||   172

Table legend:
 A = Non-vault XP
 B = Vault XP
 C = Vault XP percentage of total XP
 D = Non-vault monster count
 E = Vault monster count
 F = Vault count percentage of total count
                 A         B        C        D         E       F
            +---------+---------+-------+---------+---------+-------
      Total |     810 |     106 |  11.6 |      95 |       4 |   4.0
            +---------+---------+-------+---------+---------+-------
        D:1 |      45 |       6 |  11.8 |      26 |       3 |  10.3
        D:2 |      31 |       0 |   0.0 |      13 |       0 |   0.0
        D:3 |      90 |       0 |   0.0 |      22 |       0 |   0.0
        D:4 |     212 |     100 |  32.1 |      10 |       1 |   9.1
        D:5 |     303 |       0 |   0.0 |      18 |       0 |   0.0
        D:6 |     129 |       0 |   0.0 |       6 |       0 |   0.0
            +---------+---------+-------+---------+---------+-------
